Map: Tempestad

Players

MrFercho

  • Race: Zerg Zerg
  • Spawn Location: 3:00

TATORREA

  • Race: Protoss Protoss
  • League: Silver
  • Spawn Location: 11:00

tigro

  • Race: Terran Terran
  • Spawn Location: 7:00

VOD

Have the link to the VOD?

Description

Time

  • Played on: May 2, 2020, 9:47 p.m.
  • Length: 55:56
Show
View Real Time Build Order
Export as new Build Order

MrFercho Zerg 

Build Orders: Pool First 

Get SALT Encoding   

  12  0:02  Drone  
  13  0:13  Overlord  
  13  0:36  Drone x2  
  13  0:37  Drone  
  16  0:52  Spawning Pool  
  15  1:00  Drone x2  
  17  1:07  Extractor  
  16  1:32  Drone  
  17  1:33  Drone  
  18  1:51  Drone x2  
  20  1:59  Hatchery  
  19  2:27  Drone x3  
  22  2:38  Extractor  
  21  2:45  Metabolic Boost  
  21  2:51  Hatchery  
  21  2:57  Hatchery  
  19  3:07  Zergling x2  
  19  3:08  Zergling x4  
  22  3:22  Hatchery  
  21  3:37  Drone x3  
  24  3:43  Overlord x2  
  24  4:06  Lair  
  24  4:21  Baneling Nest  
  20  4:29  Evolution Chamber  
  20  4:30  Evolution Chamber  
  18  4:34  Evolution Chamber  
  17  4:43  Hatchery  
  16  4:53  Drone x5  
  16  4:54  Drone  
  16  4:58  Drone  
  23  5:12  Extractor x2  
  21  5:28  Drone x3  
  21  5:33  Drone x3  
  27  5:51  Roach Warren  
  26  5:58  Infestation Pit  
  25  6:08  Spire  
  25  6:10  Drone x3  
  27  6:13  Drone x2  
  29  6:20  Extractor  
  29  6:21  Extractor  
  27  6:30  Drone  
  28  6:34  Drone x2  
  28  6:39  Hive  
  30  6:43  Pneumatized Carapace  
  30  6:51  Zerg Melee Weapons Level 1  
  30  7:03  Drone x6  
  36  7:22  Mutalisk  
  36  7:23  Mutalisk x3  
  44  7:32  Zerg Flyer Armor Level 1  
  44  7:54  Spine Crawler  
  43  7:58  Spine Crawler  
  43  8:01  Drone, Spine Crawler  
  43  8:02  Drone x2  
  43  8:04  Drone x3  
  43  9:05  Overlord  
  43  9:06  Overlord x2  
  43  9:23  Drone x3  
  46  9:48  Roach  
  46  9:49  Roach x4  
  46  9:50  Zergling x6  
  46  9:51  Corruptor, Roach x2  
  46  9:52  Corruptor, Mutalisk x2  
  67  10:08  Adrenal Glands  
  67  10:14  Zerg Ground Armor Level 1, Zerg Melee Weapons Level 2  
  67  10:16  Zerg Flyer Weapons Level 1  
  67  10:30  Hatchery  
  66  10:35  Hatchery  
  66  10:36  Hatchery  
  66  10:39  Hatchery  
  30  11:33  Mutalisk  
  30  11:34  Mutalisk x12  
  57  11:40  Drone  
  57  12:07  Drone x3  
  48  13:20  Drone x4  
  48  13:21  Drone  
  48  13:22  Drone x2  
  55  13:36  Greater Spire  
  55  13:39  Hydralisk Den  
  54  13:50  Drone, Ultralisk Cavern  
  54  13:51  Drone x2  
  56  13:56  Hatchery  
  51  14:39  Hydralisk x4  
  51  14:40  Hydralisk  
  51  14:41  Ultralisk x3  
  79  14:54  Drone x3  
  82  15:07  Centrifical Hooks  
  82  15:10  Glial Reconstitution  
  82  15:50  Chitinous Plating  
  82  15:54  Zerg Flyer Weapons Level 2  
  82  15:57  Grooved Spines  
  82  16:04  Zerg Missile Weapons Level 1  
  82  16:09  Lair  
  72  16:29  Tunneling Claws  
  72  16:31  Drone  
  72  16:32  Drone x5  
  78  16:33  Drone x4  
  82  16:54  Drone x3  
  85  17:08  Muscular Augments  
  85  17:09  Anabolic Synthesis  
  85  17:18  Zerg Ground Armor Level 2  
  85  17:21  Zerg Melee Weapons Level 3  
  85  17:27  Extractor  
  85  17:29  Extractor, Corruptor x3  
  85  17:30  Corruptor x2  
  93  18:09  Zerg Flyer Armor Level 2  
  93  18:14  Lurker Den  
  92  18:28  Brood Lord x5  
  96  18:56  Spire  
  96  18:59  Drone x3  
  50  19:41  Corruptor  
  50  19:42  Corruptor x11  
  74  19:51  Adaptive Talons  
  73  20:07  Spore Crawler  
  73  20:09  Spore Crawler  
  44  21:00  Corruptor  
  44  21:01  Corruptor x11  
  68  21:22  Ultralisk, Mutalisk x2  
  68  21:23  Mutalisk  
  56  22:02  Corruptor  
  56  22:03  Corruptor  
  60  22:31  Hatchery  
  60  22:33  Hatchery  
  58  22:39  Spawning Pool  
  58  22:44  Burrow  
  48  24:32  Hatchery  
  48  24:35  Hatchery  
  48  24:36  Hatchery  
  45  24:39  Extractor x2  
  43  24:46  Drone x6  
  49  25:18  Hatchery  
  48  25:21  Hatchery  
  48  25:22  Hatchery  
  48  25:27  Drone x3  
  49  25:31  Drone  
  49  25:33  Overlord  
  49  25:34  Overlord x2  
  50  25:42  Ultralisk  
  44  27:02  Drone x2  
  44  27:03  Drone x4  
  50  27:10  Spawning Pool  
  49  27:21  Spire  
  48  27:30  Hydralisk Den  
  47  27:41  Drone x3  
  50  27:57  Infestation Pit  
  49  28:06  Hydralisk  
  49  28:07  Hydralisk x14  
  49  28:08  Hydralisk x3  
  79  28:40  Drone x3  
  82  28:45  Hive  
  82  29:11  Nydus Network  
  82  29:13  Overseer  
  81  29:25  Lurker Den  
  80  29:52  Corruptor  
  80  29:53  Corruptor x5  
  92  30:46  Overseer  
  71  32:01  Lair  
  71  32:08  Spawning Pool  
  70  32:43  Lurker x2  
  72  33:13  Extractor x2  
  70  33:27  Hatchery  
  69  34:01  Zergling x14  
  76  34:03  Overlord  
  76  34:04  Overlord x6  
  76  34:05  Overlord  
  76  34:20  Overseer  
  71  34:55  Drone  
  71  34:56  Drone  
  73  35:14  Drone x2  
  63  36:15  Overseer  
  15  37:09  Drone  
  15  37:10  Drone x17  
  10  37:53  Hatchery  
  9  37:58  Extractor  
  9  38:00  Extractor  
  7  38:38  Hatchery  
  6  39:06  Drone  
  8  39:24  Drone  
  8  39:37  Drone  
  8  39:38  Drone  
  10  39:55  Drone  
  11  40:00  Queen  
  13  40:20  Hatchery  
  12  40:33  Drone x3  
  15  40:36  Queen  
  14  42:17  Lair  
  14  42:55  Drone x6  
  20  43:27  Extractor x2  
  19  43:30  Hatchery  
  17  43:35  Hatchery  
  17  43:36  Hatchery  
  15  43:56  Overseer  
  15  44:15  Drone x6  
  11  45:01  Drone x6  
  17  45:42  Drone x5  
  22  46:28  Drone x4  
  26  46:38  Drone x2  
  28  46:59  Infestation Pit  
  27  47:06  Hydralisk Den  
  26  47:26  Drone  
  26  47:27  Drone x5  
  32  47:43  Neural Parasite  
  32  47:49  Infestor  
  34  47:53  Infestor  
  36  48:03  Drone x3  
  36  48:04  Drone  
  38  48:40  Queen x2  
  42  48:43  Infestor x2  
  42  48:44  Infestor  
  48  48:59  Infestor  
  23  50:08  Hydralisk x3  
  23  50:09  Hydralisk x3  
  31  50:41  Drone  
  31  50:42  Drone x4  
  36  51:05  Drone  
  37  51:34  Lurker  
  37  51:35  Lurker x2  
  40  51:46  Infestor  
  42  52:40  Unknown  
  42  52:59  Hydralisk x3  
  42  53:00  Drone x6  
  48  54:01  Drone x6  
  50  54:25  Infestor  
  50  54:26  Infestor x2  
Show
View Real Time Build Order
Export as new Build Order

TATORREA Protoss 

Build Orders:  

Get SALT Encoding   

  12  0:01  Probe  
  13  0:13  Probe  
  14  0:25  Pylon  
  14  0:26  Probe  
  15  0:32  Assimilator  
  15  0:43  Probe  
  16  0:51  Gateway  
  16  0:55  Probe  
  17  1:05  Pylon  
  17  1:07  Probe  
  18  1:16  Assimilator  
  18  1:31  Gateway  
  18  1:34  Probe  
  18  1:35  Pylon  
  19  1:47  Probe  
  20  1:57  Cybernetics Core  
  20  2:00  Zealot  
  22  2:12  Forge  
  22  2:15  Probe  
  22  2:21  Zealot  
  25  2:27  Zealot  
  27  2:30  Probe  
  28  2:39  Warp Gate  
  28  2:51  Probe  
  29  2:55  Stalker  
  29  2:57  Stalker  
  33  3:11  Twilight Council  
  33  3:12  Probe  
  34  3:24  Probe  
  35  3:35  Robotics Facility  
  35  3:36  Probe  
  35  3:39  Stargate  
  36  3:48  Probe  
  36  3:49  Stalker  
  39  4:10  Pylon  
  39  4:13  Probe  
  39  4:15  Pylon  
  38  4:24  Zealot  
  38  4:46  Adept  
  40  4:58  Probe  
  40  4:59  Oracle  
  44  5:04  Observer  
  45  5:12  Adept  
  45  5:13  Adept  
  49  5:17  Charge  
  49  5:19  Protoss Ground Weapons Level 1  
  49  5:40  Pylon  
  49  5:43  Pylon  
  49  5:47  Pylon  
  49  5:53  Pylon  
  49  6:06  Stalker  
  49  6:07  Stalker  
  49  6:09  Void Ray  
  57  6:11  Immortal  
  61  6:19  Probe  
  62  6:31  Probe  
  63  6:43  Probe  
  64  6:56  Immortal  
  64  6:57  Void Ray  
  72  7:01  Stalker  
  72  7:05  Stalker  
  76  7:45  Probe  
  77  7:57  Probe  
  78  8:09  Probe  
  79  8:14  Nexus  
  79  8:18  Assimilator  
  79  8:21  Assimilator, Probe  
  80  8:33  Probe  
  79  9:01  Phoenix  
  81  9:26  Phoenix  
  83  9:47  Probe  
  83  9:51  Phoenix  
  86  9:59  Probe  
  87  10:11  Probe  
  88  10:21  Nexus  
  88  10:24  Assimilator  
  88  10:28  Assimilator  
  88  11:01  Stalker  
  88  11:02  Stalker  
  92  11:39  Oracle  
  95  11:52  Robotics Bay  
  95  11:54  Fleet Beacon  
  95  11:59  Probe  
  96  12:05  Probe  
  97  12:10  Protoss Ground Weapons Level 2  
  97  12:11  Probe  
  98  12:16  Phoenix  
  98  12:17  Probe  
  98  12:21  Stalker  
  98  12:22  Stalker  
  105  12:23  Probe  
  105  12:28  Protoss Air Weapons Level 1  
  105  12:29  Probe  
  107  12:41  Phoenix  
  107  12:44  Probe  
  97  12:56  Probe  
  89  13:06  Void Ray  
  89  13:18  Pylon  
  89  13:25  Pylon  
  89  13:31  Pylon  
  89  13:34  Pylon  
  89  13:37  Pylon  
  89  13:40  Pylon  
  89  13:46  Stargate  
  89  13:48  Pylon  
  89  13:49  Void Ray, Stargate  
  89  13:52  Pylon, Stargate  
  78  14:31  Void Ray  
  78  14:36  Protoss Air Armor Level 1  
  82  14:43  Protoss Ground Armor Level 1  
  82  15:11  Void Ray  
  82  15:12  Void Ray x2  
  94  15:14  Phoenix  
  96  15:23  Probe  
  97  15:35  Probe  
  98  15:37  Probe  
  98  15:39  Phoenix  
  101  15:43  Extended Thermal Lance  
  101  15:54  Void Ray  
  101  15:55  Void Ray x2  
  113  16:04  Phoenix  
  113  16:33  Probe  
  113  16:37  Void Ray  
  118  16:45  Probe  
  118  16:46  Probe  
  120  16:48  Protoss Air Weapons Level 2  
  120  16:52  Protoss Shields Level 1  
  119  16:58  Probe  
  120  17:02  Probe  
  121  17:13  Void Ray x2  
  121  17:14  Void Ray, Probe  
  134  17:20  Void Ray  
  134  17:22  Zealot x2  
  142  17:26  Probe  
  143  17:38  Probe  
  144  17:49  Colossus  
  144  17:50  Probe  
  151  17:56  Void Ray x2  
  159  18:21  Nexus  
  159  18:25  Assimilator  
  159  18:27  Assimilator  
  124  20:35  Void Ray x2  
  122  20:36  Void Ray x2  
  130  20:55  Probe  
  127  21:03  Probe  
  126  21:07  Probe  
  127  21:18  Void Ray x3  
  127  21:19  Void Ray, Probe  
  126  22:01  Void Ray x4  
  138  22:25  Pylon  
  138  22:30  Pylon  
  138  22:34  Gateway  
  138  22:35  Pylon  
  138  22:37  Gateway  
  138  22:40  Colossus  
  138  22:44  Void Ray x3  
  144  22:46  Void Ray  
  158  23:26  Void Ray  
  158  23:27  Void Ray x2  
  158  23:29  Void Ray  
  174  23:34  Colossus  
  180  24:09  Void Ray x2  
  184  24:10  Void Ray  
  184  24:12  Void Ray  
  147  24:27  Colossus  
  91  24:52  Void Ray  
  48  25:32  Pylon  
  48  25:36  Pylon  
  48  25:39  Pylon  
  48  25:42  Pylon  
  42  25:45  Pylon  
  42  25:49  Pylon  
  30  26:13  Pylon  
  30  26:14  Gateway  
  30  26:17  Gateway  
  30  26:19  Gateway  
  30  26:29  Gateway  
  30  26:31  Gateway  
  30  26:36  Gateway  
  30  26:39  Gateway  
  30  26:42  Gateway  
  30  26:44  Gateway  
  30  26:46  Gateway  
  30  26:48  Gateway  
  30  26:51  Gateway  
  9  27:36  Zealot  
  11  27:37  Zealot  
  11  27:38  Zealot x2  
  11  27:39  Zealot  
  11  27:40  Zealot  
    28:06  Probe  
  1  28:18  Probe  
  2  28:30  Probe  
  3  28:42  Probe  
  4  28:55  Probe  
  5  29:09  Probe  
  6  29:15  Pylon  
  6  29:18  Pylon  
  6  29:22  Probe  
  7  29:34  Probe  
  8  29:46  Probe  
  9  29:58  Probe  
  10  30:10  Probe  
  11  30:20  Nexus  
  11  30:22  Probe  
  12  30:34  Probe  
  13  30:46  Probe  
  14  30:58  Probe  
  15  31:10  Probe  
  16  31:23  Probe  
  17  31:35  Probe  
  18  31:47  Probe  
  18  31:51  Cybernetics Core  
  19  31:59  Probe  
  20  32:06  Assimilator  
  20  32:08  Probe  
  21  32:11  Probe  
  22  32:20  Probe  
  23  32:23  Probe  
  24  32:32  Probe  
  24  32:35  Probe  
  26  32:44  Probe  
  26  32:47  Probe  
  28  32:56  Probe  
  29  32:59  Probe  
  30  33:11  Probe  
  30  33:12  Stargate  
  31  33:13  Stargate  
  31  33:16  Stargate  
  31  33:19  Pylon  
  31  33:22  Pylon  
  31  33:24  Probe  
  31  33:26  Pylon  
  32  33:29  Pylon  
  32  33:36  Probe  
  32  33:37  Probe  
  34  33:48  Probe  
  35  33:49  Probe  
  35  33:50  Zealot x2  
  35  33:51  Zealot x2  
  35  33:52  Zealot x2  
  48  34:00  Probe  
  48  34:01  Probe  
  50  34:12  Probe  
  50  34:13  Probe  
  52  34:25  Probe  
  53  34:37  Probe  
  42  34:49  Probe  
  43  34:53  Void Ray x3  
  43  34:58  Zealot x3  
  43  34:59  Zealot x2  
  65  35:01  Probe  
  65  35:02  Zealot  
  65  35:06  Zealot  
  70  35:14  Probe  
  70  35:20  Assimilator  
  71  35:26  Probe  
  69  35:38  Probe  
  70  36:09  Void Ray x3  
  82  36:14  Zealot  
  58  36:55  Phoenix x3  
  64  37:20  Phoenix x3  
  70  37:45  Phoenix x2  
  70  37:46  Phoenix  
  76  38:10  Phoenix x2  
  76  38:11  Phoenix  
  82  38:34  Phoenix  
  3  40:34  Pylon  
  3  40:37  Pylon  
  3  40:41  Pylon  
  3  40:45  Pylon  
  3  40:49  Pylon  
  3  40:52  Probe  
  3  40:53  Pylon  
  4  40:57  Pylon  
  4  41:04  Probe  
  5  41:16  Probe  
  6  41:29  Probe  
  7  41:41  Probe (Chrono Boost)  
  8  41:52  Gateway, Probe (Chrono Boost)  
  9  41:57  Probe (Chrono Boost)  
  10  42:08  Probe  
  11  42:25  Probe  
  12  42:33  Gateway  
  12  42:37  Probe  
  13  42:49  Probe  
  14  43:01  Probe  
  15  43:13  Probe, Zealot  
  18  43:25  Probe  
  19  43:28  Zealot  
  21  43:37  Probe  
  22  43:49  Probe  
  23  44:01  Probe  
  24  44:09  Zealot  
  26  44:10  Zealot  
  26  44:13  Probe  
  25  45:45  Zealot x2  
  29  46:14  Zealot x2  
  33  46:33  Zealot x2  
  37  46:50  Zealot x2  
  41  47:25  Zealot  
  41  47:26  Zealot  
  45  47:48  Zealot x2  
  49  48:15  Zealot x2  
  47  48:42  Zealot x2  
  51  49:09  Zealot x2  
  45  49:36  Zealot x2  
  49  50:04  Cybernetics Core  
  49  50:12  Zealot x2  
  51  50:39  Zealot  
  51  50:40  Zealot  
  29  51:06  Zealot  
  29  51:07  Zealot  
  33  51:34  Zealot  
  23  52:39  Zealot  
  23  52:40  Zealot  
  27  53:11  Zealot  
Show
View Real Time Build Order
Export as new Build Order

tigro Terran 

Build Orders:  

Get SALT Encoding   

  12  0:02  SCV  
  14  0:14  SCV  
  14  0:23  Supply Depot  
  14  0:26  SCV  
  15  0:36  Refinery  
  15  0:44  SCV  
  16  0:57  SCV  
  17  0:58  Barracks  
  17  1:09  SCV  
  18  1:19  Supply Depot  
  18  1:21  SCV  
  19  1:29  Refinery  
  19  1:33  SCV  
  20  1:45  SCV  
  21  1:47  Marine  
  22  1:57  SCV  
  23  2:05  Marine  
  24  2:22  Barracks  
  24  2:23  Marine  
  24  2:27  SCV  
  26  2:39  SCV  
  26  2:41  Marine  
  26  2:43  Engineering Bay  
  28  2:54  Orbital Command  
  28  2:59  Marine  
  29  3:23  Barracks Tech Lab  
  29  3:28  Barracks Tech Lab  
  29  3:51  Factory  
  29  4:04  Combat Shield  
  29  4:08  Stimpack  
  29  4:12  Marauder  
  29  4:13  Command Center  
  31  4:17  Terran Infantry Weapons Level 1  
  31  4:33  Marauder  
  33  4:42  Factory Tech Lab  
  33  4:55  Marauder  
  35  5:04  Refinery  
  35  5:07  Infernal Pre-Igniter  
  35  5:16  Marauder  
  37  5:23  Concussive Shells  
  37  5:24  Armory  
  37  5:35  Planetary Fortress  
  37  5:38  Marauder  
  39  6:01  Missile Turret  
  39  6:11  Terran Infantry Armor Level 1  
  39  6:25  Missile Turret  
  39  6:45  Thor  
  39  6:46  Missile Turret  
  45  6:55  Terran Vehicle Weapons Level 1  
  45  7:01  Marine  
  46  7:10  Missile Turret  
  46  7:19  Marine, SCV  
  48  7:26  Refinery  
  48  7:28  Siege Tank  
  51  7:31  SCV  
  51  7:34  Missile Turret  
  51  7:36  Marine  
  52  7:43  SCV  
  54  7:54  Marine  
  54  7:55  SCV  
  56  8:05  Neosteel Armor  
  56  8:07  SCV, Missile Turret  
  56  8:12  Marine  
  58  8:15  Command Center  
  58  8:30  Missile Turret  
  58  8:43  Siege Tank  
  61  8:52  Missile Turret  
  62  9:17  SCV  
  62  9:23  Missile Turret  
  62  9:29  SCV  
  63  9:33  Command Center  
  63  9:41  Starport, SCV  
  63  9:44  Missile Turret  
  61  9:45  Hi-Sec Auto Tracking  
  59  9:53  SCV  
  60  10:05  SCV  
  61  10:09  SCV  
  62  10:18  Starport  
  62  10:21  SCV  
  63  10:22  Missile Turret  
  63  10:33  SCV  
  64  10:43  Missile Turret  
  64  10:45  SCV  
  65  10:50  Starport Tech Lab  
  65  10:57  SCV  
  65  10:58  Terran Vehicle Weapons Level 2  
  65  11:01  Fusion Core  
  65  11:03  Planetary Fortress  
  66  11:10  Missile Turret  
  66  11:16  Starport Tech Lab  
  66  11:33  Planetary Fortress  
  66  11:35  Missile Turret  
  66  11:40  Command Center  
  66  11:58  Missile Turret  
  66  12:12  SCV  
  67  12:24  SCV  
  68  12:36  SCV  
  69  12:43  Supply Depot  
  69  12:48  SCV  
  69  12:50  Battlecruiser  
  76  12:57  Battlecruiser  
  82  13:00  SCV  
  83  13:06  Supply Depot  
  83  13:15  Missile Turret  
  83  13:37  Missile Turret  
  83  13:54  Battlecruiser  
  89  14:01  Battlecruiser  
  95  14:06  Planetary Fortress  
  95  14:11  Missile Turret  
  95  14:18  Factory  
  95  14:24  Weapon Refit  
  95  14:29  Terran Vehicle And Ship Armor Level 1  
  95  14:32  Terran Infantry Weapons Level 2  
  95  14:44  Missile Turret  
  95  14:46  Supply Depot  
  95  14:58  Battlecruiser  
  101  15:08  Factory Tech Lab  
  101  15:10  Mag-Field Accelerator  
  101  15:23  Missile Turret  
  101  15:50  Missile Turret  
  101  15:58  Refinery  
  101  16:03  Refinery  
  101  16:04  Rapid Reignition System  
  101  16:23  Terran Vehicle Weapons Level 3  
  101  16:24  Refinery  
  101  16:26  Missile Turret  
  101  16:27  Siege Tank  
  104  16:47  Terran Infantry Armor Level 2  
  104  16:50  Drilling Claws  
  104  16:53  Missile Turret  
  104  16:56  Battlecruiser  
  104  16:58  Medivac  
  104  16:59  Siege Tank  
  104  17:01  Advanced Ballistics  
  115  17:29  Refinery  
  115  17:31  Siege Tank  
  118  18:03  Siege Tank  
  121  18:08  Smart Servos  
  121  18:25  Corvid Reactor  
  121  18:27  Cloaking Field  
  121  18:53  Missile Turret  
  121  19:00  Terran Ship Weapons Level 1  
  121  19:13  Missile Turret  
  121  19:40  Missile Turret  
  121  19:44  Hyperflight Rotors  
  121  19:54  Battlecruiser  
  121  19:56  Missile Turret  
  127  20:04  Battlecruiser  
  133  20:07  Missile Turret  
  133  20:18  Missile Turret  
  133  20:28  Missile Turret  
  133  20:42  Missile Turret  
  133  20:58  Missile Turret  
  133  20:59  Battlecruiser  
  139  21:08  Battlecruiser  
  145  21:19  Missile Turret  
  145  21:42  Missile Turret  
  145  22:02  Missile Turret  
  145  22:03  Battlecruiser  
  151  22:11  Command Center  
  151  23:22  Battlecruiser x2, Refinery  
  151  23:25  Refinery  
  163  23:32  Supply Depot  
  162  23:55  Supply Depot  
  161  24:18  Supply Depot  
  149  24:27  Battlecruiser x2  
  143  25:31  Battlecruiser  
  149  26:37  Battlecruiser  
  155  26:41  Battlecruiser  
  161  27:42  Battlecruiser  
  167  27:46  Battlecruiser  
  173  28:31  Command Center  
  173  28:46  Battlecruiser  
  179  29:08  Battlecruiser  
  185  29:19  Refinery  
  185  29:50  Battlecruiser  
  191  29:55  Planetary Fortress  
  191  30:09  Missile Turret  
  191  30:13  Battlecruiser  
  197  30:34  Missile Turret  
  197  30:54  Missile Turret  
  197  31:16  Raven  
  197  31:17  Missile Turret  
  199  31:44  Missile Turret  
  199  32:06  Missile Turret  
  199  32:30  Missile Turret  
  199  33:06  Refinery  
  199  33:31  Command Center  
  199  33:41  Missile Turret  
  199  34:17  Missile Turret  
  199  34:39  Missile Turret  
  199  35:00  Missile Turret  
  199  35:09  Planetary Fortress  
  199  35:34  Missile Turret  
  199  36:06  Missile Turret  
  199  36:27  Missile Turret  
  171  37:01  Missile Turret  
  165  37:23  Missile Turret  
  165  37:43  Missile Turret  
  165  38:05  Missile Turret  
  165  38:10  Battlecruiser  
  165  38:12  Battlecruiser  
  177  38:27  Missile Turret  
  175  38:48  Missile Turret  
  175  39:14  Battlecruiser  
  175  39:16  Battlecruiser  
  187  40:18  Battlecruiser  
  187  40:20  Battlecruiser  
  199  42:09  Missile Turret  
  199  42:30  Missile Turret  
  199  42:35  Missile Turret  
  199  42:55  Missile Turret  
  199  43:17  Missile Turret  
  199  43:31  Command Center  
  199  43:37  Missile Turret  
  199  43:59  Missile Turret  
  199  44:26  Command Center  
  199  44:46  Command Center  
  199  44:54  Missile Turret  
  199  45:16  Missile Turret  
  199  45:44  Planetary Fortress  
  199  46:27  Terran Vehicle And Ship Armor Level 2  
  199  46:30  Terran Infantry Weapons Level 3  
  199  48:03  Planetary Fortress  
  199  48:05  Planetary Fortress  
  199  48:43  Terran Ship Weapons Level 2  
  199  49:07  Terran Infantry Armor Level 3  
Tags
 
Add a new tag
Caveats
  • Supply blocks, unpowered buildings, or Contaminate may cause inaccurate times.
  • Supply counts are checked every 10 seconds.